[Event "Late-Titled-Tuesday-Blitz-April-16-2024"]
[Site "Chess.com"]
[Date "2024.04.16"]
[Round "1"]
[White "Navyblue1"]
[Black "m_ezat"]
[Result "0-1"]
[WhiteElo "2248"]
[BlackElo "2587"]
[TimeControl "180+1"]
[EndTime "14:06:55 PDT"]
[Termination "m_ezat won by resignation"]

1. d4 Nf6 2. c4 g6 3. Nc3 Bg7 4. e4 d6 5. Bg5 O-O 6. Be2 c5 7. d5 e6 8. Nf3 exd5 9. exd5 Re8 10. O-O Qb6 11. Qd2 Bf5 12. Rfe1 Nbd7 13. Bd3 Bxd3 14. Qxd3 Ng4 15. Qc2 Qb4 16. h3 Nge5 17.
Nxe5 Nxe5 18. Re4 f5 19. a3 Qa5 20. Rh4 Nf7 21. Be3 Bf6 22. Rf4 Bg5 23. Rf3 Bxe3 24. Rxe3 Rxe3 25. fxe3 Ne5 26. Nb5 Qb6 27. a4 a6 28. Na3 Qb4 29. Rd1 Re8 30. Rc1 Nf7 31.
Qc3 Qxa4 32. Rf1 Qd7 33. Kh1 Ng5 34. b4 Ne4 35. Qb2 Ng3+ 36. Kg1 Nxf1 37. Kxf1 cxb4 38. Qxb4 Rxe3 39. c5 dxc5 40. Qxc5 Re5 41. Nc4 Rxd5 42. Qa7 Rd1+ 43. Kf2 Qd4+ 44. Qxd4 Rxd4 0-1

[Event "Late-Titled-Tuesday-Blitz-April-16-2024"]
[Site "Chess.com"]
[Date "2024.04.16"]
[Round "1"]
[White "Kimkibo"]
[Black "Rutricks"]
[Result "0-1"]
[WhiteElo "2383"]
[BlackElo "2694"]
[TimeControl "180+1"]
[EndTime "14:06:59 PDT"]
[Termination "Rutricks won by resignation"]

1. d4 g6 2. Nf3 Bg7 3. Bf4 d6 4.
e3 Nf6 5. Be2 O-O 6. h3 Nbd7 7.
O-O b6 8. c4 Bb7 9. Nc3 Ne4 10.
Rc1 e5 11. Bh2 Nxc3 12. Rxc3 Qe7 13. Re1 f5 14. b4 a5 15. b5 Rae8 16. Rc1 g5 17. Bg3 h6 18. Bf1 f4 19. exf4 gxf4 20. Bh2 e4 21. Nd2 Bxd4 22. Nxe4 Be5 23. f3 Qg7 24. Bd3 Bd4+ 25. Kh1 Ne5 26. Bb1 Be3 27.
Rc3 Nxf3 28. Qxf3 Bxe4 29. Bxe4 Qxc3 30. Qg4+ Kh8 31. Rxe3 fxe3 32. Qh5 Rf1+ 33. Bg1 Rxg1+ 34. Kxg1 Qa1+ 35. Kh2 Qe5+ 36. Qxe5+ Rxe5 37. Bf3 e2 0-1

[Event "Late-Titled-Tuesday-Blitz-April-16-2024"]
[Site "Chess.com"]
[Date "2024.04.16"]
[Round "1"]
[White "ElDivis"]
[Black "GrigorGrigorov"]
[Result "0-1"]
[WhiteElo "2496"]
[BlackElo "2925"]
[TimeControl "180+1"]
[EndTime "14:07:00 PDT"]
[Termination "GrigorGrigorov won by resignation"]

1. e4 c6 2. d4 d5 3. e5 Bf5 4. Nc3 e6 5. g4 Bg6 6. Nge2 c5 7. h4 h5 8. Nf4 Bh7 9. g5 Bf5 10. dxc5 Bxc5 11. Bb5+ Nc6 12. Kf1 g6 13. Nce2 Ne7 14.
Nd4 Qb6 15. Bxc6+ bxc6 16. c3 Be4 17. f3 Bf5 18. Rh2 Qc7 19. Re2 Bb6 20. a4 a6 21.
b4 c5 22. a5 Ba7 23. Qa4+ Qd7 24. Qxd7+ Kxd7 25. Nb3 cxb4 26. cxb4 Rab8 27. Bd2 Rhc8 28. Rc1 Rc4 29. Rxc4 dxc4 30. Nc5+ Bxc5 31. bxc5 Kc6 32. Kf2 Kxc5 33. Be3+ Kc6 34. Rd2 Nd5 35. Nxd5 exd5 36.
Bb6 c3 37. Rd1 c2 38. Rc1 Kb5 39. Ke3 Kc4 40. Kd2 Kb3 41. f4 Rc8 42. Bd4 Rc4 43. Be3 d4 44. Bf2 d3 45. Be3 Ra4 46. Re1 Rxa5 47.
Bd4 Kc4 48. Be3 Rb5 49. Rc1 Rb1 50. Ke1 Kc3 51. Bd2+ Kb2 0-1

[Event "Late-Titled-Tuesday-Blitz-April-16-2024"]
[Site "Chess.com"]
[Date "2024.04.16"]
[Round "1"]
[White "NowInChess"]
[Black "Bykov_Egor"]
[Result "0-1"]
[WhiteElo "2245"]
[BlackElo "2584"]
[TimeControl "180+1"]
[EndTime "14:07:00 PDT"]
[Termination "Bykov_Egor won on time"]

1. e4 e6 2. d3 d5 3. Nd2 c5 4. g3 Nc6 5. Bg2 Nf6 6. Ngf3 Be7 7. O-O b5 8. Re1 O-O 9. e5 Nd7 10. h4 Qc7 11. Qe2 a5 12. Nf1 a4 13. Bf4 a3 14.
b3 Nd4 15. Nxd4 cxd4 16. Qg4 Re8 17. Re2 Bb7 18. Rae1 Qc3 19. Bd2 Qb2 20. c4 h5 21.
Qxh5 Qxa2 22. Bh6 Qxb3 23. Qg4 g6 24. h5 Qxd3 25. Be4 dxe4 26. hxg6 f5 27. exf6 Bxf6 28.
Qh5 Qf3 29. Qxf3 exf3 30. Rxe6 Rxe6 31. Rxe6 a2 0-1

[Event "Late-Titled-Tuesday-Blitz-April-16-2024"]
[Site "Chess.com"]
[Date "2024.04.16"]
[Round "1"]
[White "Aygehovit1992"]
[Black "ATM622"]
[Result "1-0"]
[WhiteElo "2771"]
[BlackElo "2426"]
[TimeControl "180+1"]
[EndTime "14:07:01 PDT"]
[Termination "Aygehovit1992 won by resignation"]

1. e4 c6 2. d4 d5 3. e5 Bf5 4. Nf3 e6 5. Be2 Nd7 6. O-O Ne7 7. Nbd2 Bg6 8. Nb3 Nf5 9. a4 Be7 10. a5 O-O 11. g4 Nh4 12. Nxh4 Bxh4 13. f4 Be4 14. Nd2 f5 15. Nxe4 dxe4 16. g5 Kh8 17.
Bc4 Qe8 18. Ra3 b5 19. Ba2 h5 20. Rh3 g6 21. Rxh4 Rd8 22. Qe2 Nb8 23. c3 Na6 24. Be3 Rd5 25. Bxd5 exd5 26. b3 Qe6 27. Rc1 Rb8 28.
c4 b4 29. cxd5 cxd5 30. Rh3 Rc8 31. Rxc8+ Qxc8 32. Rg3 Kg7 33. Kf2 Kf7 34. Rg1 Qb7 35.
Rc1 Nc7 36. Qc2 Nb5 37. Qc6 Qxc6 38. Rxc6 Nc3 39. Rf6+ Kg7 40. Ra6 Nd1+ 41. Ke2 Nc3+ 42. Ke1 1-0

[Event "Late-Titled-Tuesday-Blitz-April-16-2024"]
[Site "Chess.com"]
[Date "2024.04.16"]
[Round "1"]
[White "Shtembuliak"]
[Black "David_ATM"]
[Result "1-0"]
[WhiteElo "2869"]
[BlackElo "2473"]
[TimeControl "180+1"]
[EndTime "14:07:02 PDT"]
[Termination "Shtembuliak won by resignation"]

1. c4 c6 2. Nc3 Nf6 3. d4 d5 4.
cxd5 Nxd5 5. e4 Nxc3 6. bxc3 e5 7.
Nf3 exd4 8. cxd4 Bb4+ 9. Bd2 Bxd2+ 10. Qxd2 O-O 11. Bd3 Bg4 12. Bc2 Re8 13. Ne5 Be6 14. O-O Nd7 15. Nd3 Bc4 16. Rfe1 Nf6 17. Nc5 b6 18.
Nb3 Qd7 19. e5 Nd5 20. Bxh7+ Kxh7 21. Qc2+ g6 22. Qxc4 Kg7 23. Nd2 Rh8 24. Re4 Rac8 25. Rae1 Qf5 26. e6 fxe6 27. Rxe6 Rcf8 28. Nf3 Rf7 29. Qxc6 Nf4 30. Re7 Nh3+ 31. gxh3 Rxh3 32. Rxf7+ Qxf7 33. Ng5 Qf4 34. Qd7+ Kh6 35. Nxh3 Qg4+ 36.
Qxg4 1-0

[Event "Late-Titled-Tuesday-Blitz-April-16-2024"]
[Site "Chess.com"]
[Date "2024.04.16"]
[Round "1"]
[White "stasOR4ik"]
[Black "CaspiIsrael"]
[Result "0-1"]
[WhiteElo "2414"]
[BlackElo "2746"]
[TimeControl "180+1"]
[EndTime "14:07:03 PDT"]
[Termination "CaspiIsrael won on time"]

1. c4 e5 2. Nc3 Bb4 3. g3 Bxc3 4. dxc3 d6 5. Bg2 Nf6 6. e4 Be6 7. Qe2 Nbd7 8. Nf3 a5 9. Ng5 Bg4 10. f3 Bh5 11. O-O a4 12. Nh3 Nc5 13. Be3 b6 14. Rad1 a3 15. b3 Ncxe4 16. g4 Nxc3 17. Qd2 Nxd1 18. Rxd1 Bg6 19. f4 Nxg4 20. Bc6+ Ke7 21.
Bxa8 Qxa8 22. Bxb6 Rc8 23. Bxc7 Qa7+ 24. Nf2 Qxc7 25.
Nxg4 Qc5+ 26. Kf1 Bh5 27. fxe5 Bxg4 28. Qg5+ Kf8 29. Qxg4 dxe5 30. Rd5 Qc6 31. Rxe5 Qh1+ 32. Qg1 Qf3+ 33. Qf2 Qd1+ 34. Re1 Qd3+ 35. Qe2 Qf5+ 36.
Qf2 Qg6 37. c5 h5 38. b4 Kg8 39. Re3 Rb8 40. Rb3 Qc6 41. Kg1 Rd8 0-1

[Event "Late-Titled-Tuesday-Blitz-April-16-2024"]
[Site "Chess.com"]
[Date "2024.04.16"]
[Round "1"]
[White "Agent-JL"]
[Black "Nechitaylo_Nikita"]
[Result "1-0"]
[WhiteElo "2606"]
[BlackElo "2284"]
[TimeControl "180+1"]
[EndTime "14:07:03 PDT"]
[Termination "Agent-JL won on time"]

1. e4 c5 2. Nf3 d6 3. b3 Nf6 4. d3 Nc6 5. Bb2 g6 6. Nc3 Bg7 7. Nd5 e6 8. Ne3 Qa5+ 9. Qd2 Qxd2+ 10. Nxd2 O-O 11. O-O-O b5 12. g3 a5 13. Bg2 Bb7 14. f4 a4 15. Kb1 axb3 16. axb3 Nd7 17. Bxg7 Kxg7 18. Kb2 Nb4 19. Ra1 d5 20. e5 Rxa1 21. Rxa1 Ra8 22. Rxa8 Bxa8 23. Nd1 Bc6 24. Nf2 d4 25. Bxc6 Nxc6 26. Nde4 Nb4 27. Nd6 Nd5 28. Nxb5 Ne3 29. Ne4 Nf1 30. h4 h5 31. Nbd6 f5 32.
exf6+ Nxf6 33. Nxc5 Nxg3 34. Nxe6+ Kg8 35. Nxd4 1-0

[Event "Late-Titled-Tuesday-Blitz-April-16-2024"]
[Site "Chess.com"]
[Date "2024.04.16"]
[Round "1"]
[White "soupeOchoux"]
[Black "CarlosjPineror"]
[Result "0-1"]
[WhiteElo "2399"]
[BlackElo "2714"]
[TimeControl "180+1"]
[EndTime "14:07:04 PDT"]
[Termination "CarlosjPineror won on time"]

1. d4 Nf6 2. Bg5 d5 3. Bxf6 gxf6 4. e3 c5 5. c3 Nc6 6. Nd2 e5 7. dxe5 fxe5 8. e4 d4 9. Ngf3 Be6 10. Bb5 Bd6 11. Qa4 Qc7 12. Nc4 Bd7 13. Nxd6+ Qxd6 14. Qa3 O-O-O 15. O-O Kb8 16. Rac1 Rhe8 17. Rfe1 b6 18. cxd4 exd4 19. Qa4 Ne5 20. Nxe5 Rxe5 21.
Bxd7 Qxd7 22. Qc4 d3 23. Rcd1 Qe6 24. Qb5 c4 25. Qb4 Rxe4 26. Rxe4 Qxe4 27. Re1 Qc6 28. g3 d2 29. Rd1 Qd5 30. a4 Qe4 31. a5 Kb7 32.
axb6 axb6 33. Qa4 Qe1+ 34. Kg2 Qe2 35. Ra1 d1=Q 36. Qa7+ Kc6 37. Rxd1 Qxd1 0-1

[Event "Late-Titled-Tuesday-Blitz-April-16-2024"]
[Site "Chess.com"]
[Date "2024.04.16"]
[Round "1"]
[White "Mackster23"]
[Black "Szachulec75"]
[Result "1-0"]
[WhiteElo "2548"]
[BlackElo "2100"]
[TimeControl "180+1"]
[EndTime "14:07:04 PDT"]
[Termination "Mackster23 won by resignation"]

1. e4 d6 2. d4 Nf6 3. Nc3 c6 4. Be3 Nbd7 5. f3 e5 6. Nge2 Be7 7.
Qd2 O-O 8. O-O-O b5 9. Ng3 Re8 10. Nf5 Bf8 11. dxe5 dxe5 12. g4 a5 13. Kb1 a4 14. h4 b4 15. Ne2 b3 16. Neg3 a3 17. cxb3 axb2 18. g5 Nxe4 19. fxe4 Qc7 20. Qxb2 Nc5 21. Qc2 Ne6 22. Bc4 Ba6 23. Rc1 Bxc4 24. Qxc4 Qa5 25. Rh2 Reb8 26. Rf2 Rb4 27. Qc3 Rab8 28. h5 Qa3 29. Qb2 Qa6 30. Rc3 R4b7 31. Rfc2 Ba3 32. Rxc6 Qd3 33. Qxa3 Rxb3+ 34. axb3 Rxb3+ 35. Qxb3 Qxb3+ 36. Rb2 h6 37. Rxb3 1-0

[Event "Late-Titled-Tuesday-Blitz-April-16-2024"]
[Site "Chess.com"]
[Date "2024.04.16"]
[Round "1"]
[White "divudis17"]
[Black "yuriydovzik"]
[Result "1-0"]
[WhiteElo "2549"]
[BlackElo "2121"]
[TimeControl "180+1"]
[EndTime "14:07:05 PDT"]
[Termination "divudis17 won on time"]

1. e4 c6 2. d4 Na6 3. Nf3 d6 4. Be2 Bg4 5. O-O Nc7 6. h3 Bxf3 7. Bxf3 e5 8. Nc3 Be7 9. Be3 Nf6 10. a4 O-O 11. Be2 Ne6 12. d5 cxd5 13. exd5 Nc7 14.
f4 exf4 15. Bxf4 Nd7 16. Ne4 Nb6 17. c4 Na6 18. a5 Nc8 19. b4 Nc7 20. b5 b6 21. a6 Ne8 22. Bd3 Nf6 23. Qf3 Nxe4 24. Qxe4 g6 25. Bh6 f5 26. Qe6+ Rf7 27. Rae1 Bf8 28.
Bf4 1-0

[Event "Late-Titled-Tuesday-Blitz-April-16-2024"]
[Site "Chess.com"]
[Date "2024.04.16"]
[Round "1"]
[White "Karttunen"]
[Black "TheAlienParty"]
[Result "0-1"]
[WhiteElo "2689"]
[BlackElo "2410"]
[TimeControl "180+1"]
[EndTime "14:07:06 PDT"]
[Termination "TheAlienParty won by resignation"]

1. e4 e5 2. Nf3 Nc6 3. Bb5 a6 4. Ba4 d6 5. c3 Bd7 6. O-O g5 7. d4 g4 8. Ne1 h5 9. f3 Bh6 10. Na3 Bxc1 11. Rxc1 Nh6 12. f4 exf4 13. Rxf4 Qg5 14.
Nd3 O-O-O 15. b4 f5 16. exf5 Bxf5 17. Bxc6 Bxd3 18. Qxd3 Qxf4 19. Rf1 Qxf1+ 20. Qxf1 bxc6 21. Qxa6+ Kd7 22. b5 cxb5 23. Qxb5+ Ke7 24. Qg5+ Kd7 25. Nb5 Rdf8 26. Qg7+ Nf7 27. d5 c6 28. dxc6+ Kxc6 29. Nd4+ Kd5 30. Qf6 Ne5 31. Qe6+ Kc5 32. Qb3 Rb8 33.
Qa3+ Kd5 34. Qa5+ Ke4 35. Nb3 Rhf8 36. Qa7 Kd3 37. Qd4+ Kc2 38. Qd2+ Kb1 39. Nd4 Ka1 40.
Nb3+ Kb1 41. c4 Nxc4 42. Qc1+ Kxa2 43. Nd4 Rb1 44. Qxb1+ Kxb1 0-1

[Event "Late-Titled-Tuesday-Blitz-April-16-2024"]
[Site "Chess.com"]
[Date "2024.04.16"]
[Round "1"]
[White "AlainBruxelles"]
[Black "Nf3c5"]
[Result "0-1"]
[WhiteElo "2341"]
[BlackElo "2638"]
[TimeControl "180+1"]
[EndTime "14:07:06 PDT"]
[Termination "Nf3c5 won by resignation"]

1. e4 c5 2. Nf3 Nc6 3. Nc3 g6 4. Bb5 Nd4 5. Nxd4 cxd4 6. Ne2 Bg7 7. O-O Nf6 8. d3 O-O 9. Nxd4 Qb6 10. c3 e5 11. Ba4 exd4 12. cxd4 Qxd4 13. Bb3 d5 14.
Be3 Qb4 15. exd5 Rd8 16. Rc1 Nxd5 17. Bc5 Qh4 18. Qf3 Be6 19. Rc4 Qf6 20. Qg3 Qxb2 21. h4 Qe5 22. Qf3 Qf5 23. Qg3 Be5 24. f4 Bg7 25.
Re4 Nf6 26. Re5 Qxd3 27. Rf3 Qb1+ 28. Re1 Qb2 29. Be7 Nh5 30. Qg5 Rd2 31. Bxe6 fxe6 32.
Rxe6 Rc8 33. Ba3 Qxa2 34. f5 Qb1+ 35. Kh2 Rd1 36. Kh3 Rh1+ 37. Kg4 Rc4+ 0-1

[Event "Late-Titled-Tuesday-Blitz-April-16-2024"]
[Site "Chess.com"]
[Date "2024.04.16"]
[Round "1"]
[White "Licancabur"]
[Black "Mops_2004"]
[Result "0-1"]
[WhiteElo "2443"]
[BlackElo "2809"]
[TimeControl "180+1"]
[EndTime "14:07:07 PDT"]
[Termination "Mops_2004 won on time"]

1. d4 g6 2. e4 Bg7 3. Nc3 d6 4. f4 Nf6 5. Nf3 c5 6. dxc5 Qa5 7. Qd3 Qxc5 8. Qb5+ Nbd7 9. Qxc5 Nxc5 10. Bb5+ Bd7 11. e5 Nfe4 12. Bxd7+ Kxd7 13. Nxe4 Nxe4 14. Be3 Rhd8 15.
O-O-O Ke8 16. Rd4 f5 17. exf6 Nxf6 18. Rd3 b6 19. Re1 Rdc8 20. Bd4 Rc6 21. Ng5 h6 22. Ne6 Bh8 23. c3 Kf7 24. h3 b5 25. Bxf6 Bxf6 26.
Nd4 Rb6 27. Rde3 b4 28. Kc2 Rc8 29. Rd3 bxc3 30. bxc3 Ra6 31. Kb2 Rb8+ 32. Nb3 Ra4 33. g3 h5 34. h4 a5 35. Rd5 Rc4 36. Re3 a4 0-1

[Event "Late-Titled-Tuesday-Blitz-April-16-2024"]
[Site "Chess.com"]
[Date "2024.04.16"]
[Round "1"]
[White "Nick12772"]
[Black "oskariot"]
[Result "0-1"]
[WhiteElo "2407"]
[BlackElo "2735"]
[TimeControl "180+1"]
[EndTime "14:07:09 PDT"]
[Termination "oskariot won on time"]

1. Nf3 c5 2. g3 g6 3. Bg2 Bg7 4. O-O Nc6 5. c4 e5 6. Nc3 Nge7 7. d3 d6 8. Rb1 a5 9. Ne1 h5 10. h4 Bg4 11. Nc2 Rb8 12. a3 Nf5 13. b4 axb4 14.
axb4 cxb4 15. Nxb4 Nxb4 16. Rxb4 Nd4 17. Be3 O-O 18. Bxd4 exd4 19. Nd5 Re8 20. Re1 Re5 21. Qc2 Qa5 22. Qb2 Rbe8 23. Nf4 Bh6 24. f3 Bf5 25. Nd5 R5e6 26. Ra1 Qd8 27. Bf1 g5 28. hxg5 Qxg5 29. Kf2 h4 30. g4 Bxd3 31. exd3 Re3 32. Qxd4 R3e5 33. Rd1 h3 34. Rxb7 Qh4+ 0-1

[Event "Late-Titled-Tuesday-Blitz-April-16-2024"]
[Site "Chess.com"]
[Date "2024.04.16"]
[Round "1"]
[White "HipsterChess22"]
[Black "Denmark2015"]
[Result "0-1"]
[WhiteElo "2249"]
[BlackElo "2588"]
[TimeControl "180+1"]
[EndTime "14:07:11 PDT"]
[Termination "Denmark2015 won on time"]

1. d4 e6 2. Nc3 d5 3. e4 Be7 4.
exd5 exd5 5. Bf4 Nf6 6. Qd2 O-O 7. O-O-O Bb4 8. Bg5 c6 9. Bd3 Nbd7 10. Nge2 Re8 11. Qf4 Be7 12. h4 Nf8 13. h5 h6 14.
Bxh6 gxh6 15. Qxh6 N6h7 16. f4 Qd6 17. Qxd6 Bxd6 18.
g3 Bg4 19. Rdf1 b5 20. Ng1 b4 21. Nd1 c5 22. dxc5 Bxc5 23. Nf3 f6 24. Nh4 Ne6 25.
Nf5 Bf8 26. Rh4 Bxd1 27. Rxd1 Nc5 28. Bb5 Red8 29. Bc6 Rac8 30. Bxd5+ Kh8 31. Rhh1 Rc7 32. Bc4 Re8 33. Rde1 Rcc8 34. Nd4 Ne4 35. Bd3 Nf2 0-1

[Event "Late-Titled-Tuesday-Blitz-April-16-2024"]
[Site "Chess.com"]
[Date "2024.04.16"]
[Round "1"]
[White "Rainbow2014"]
[Black "grzechu96"]
[Result "0-1"]
[WhiteElo "2420"]
[BlackElo "2763"]
[TimeControl "180+1"]
[EndTime "14:07:12 PDT"]
[Termination "grzechu96 won by resignation"]

1. e4 c5 2. Nf3 d6 3. d4 cxd4 4.
Nxd4 a6 5. c4 b6 6. Nc3 Bb7 7. Be2 Nf6 8. f3 e6 9. O-O Nbd7 10. Be3 Be7 11. Qd2 O-O 12. Rfd1 Rc8 13. Rac1 Re8 14. Bf1 Qc7 15. Qf2 Qb8 16. b4 Ne5 17.
Na4 Ba8 18. Nb3 d5 19. Nxb6 dxe4 20. Nxc8 Rxc8 21. Nc5 Qxb4 22. Nxa6 Qa5 23. c5 exf3 24. Qd2 Qxd2 25. Rxd2 Nd5 26. Re1 Nxe3 27. Rxe3 Bg5 28.
Red3 Nxd3 29. Rxd3 Be4 30. Rd7 Be3+ 31. Kh1 g6 32. h3 Bxc5 33. Nxc5 Rxc5 34. Rd2 Rc1 35. Kg1 fxg2 36. Rxg2 Bxg2 37. Kxg2 Rc2+ 38. Kg3 Rxa2 0-1

[Event "Late-Titled-Tuesday-Blitz-April-16-2024"]
[Site "Chess.com"]
[Date "2024.04.16"]
[Round "1"]
[White "RuperezA"]
[Black "rhwr"]
[Result "1-0"]
[WhiteElo "2587"]
[BlackElo "2249"]
[TimeControl "180+1"]
[EndTime "14:07:12 PDT"]
[Termination "RuperezA won by resignation"]

1. e4 c5 2. Nf3 d6 3. Bb5+ Nd7 4. O-O a6 5. Bxd7+ Bxd7 6. d4 cxd4 7. Qxd4 e5 8. Qd3 Rc8 9. Nc3 Nf6 10. Bg5 Be7 11. Bxf6 gxf6 12. Rfd1 Be6 13. Nh4 Rg8 14. Nf5 Bxf5 15.
exf5 Rc6 16. Nd5 Qa5 17. c3 Qa4 18. Qh3 Qg4 19. Qxg4 Rxg4 20. g3 Rg5 21. Ne3 h5 22.
h4 Rg8 23. Kg2 Bd8 24. Nd5 Rc4 25. Kf3 b5 26. Ne3 Rc6 27. a4 Rb6 28. axb5 axb5 29. Ra8 Kd7 30. Rda1 Rb7 31. R1a6 Rf8 32. Nd5 Be7 33.
Rxf8 Bxf8 34. Nxf6+ Kc7 35. Nd5+ Kd7 36. Ke4 Bh6 37.
f3 Bc1 38. b4 Bd2 39. g4 hxg4 40. fxg4 Be1 41. h5 Bd2 42. Ra8 Bh6 43. Rh8 Bg5 44.
h6 Ra7 45. h7 Ra1 46. Rg8 Re1+ 47. Kf3 Rh1 48. Rxg5 Rxh7 49. Nf6+ 1-0

[Event "Late-Titled-Tuesday-Blitz-April-16-2024"]
[Site "Chess.com"]
[Date "2024.04.16"]
[Round "1"]
[White "FREZZY23"]
[Black "IMRosen"]
[Result "0-1"]
[WhiteElo "2405"]
[BlackElo "2725"]
[TimeControl "180+1"]
[EndTime "14:07:13 PDT"]
[Termination "IMRosen won on time"]

1. Nf3 d5 2. g3 Nf6 3. Bg2 e6 4. O-O Be7 5. d4 b5 6. a4 b4 7.
c3 bxc3 8. Nxc3 O-O 9. Bf4 Ba6 10. Nb5 Bxb5 11. axb5 Bd6 12. Ne5 a6 13. Bg5 h6 14.
Bxf6 Qxf6 15. e4 Bxe5 16. dxe5 Qxe5 17. exd5 Rd8 18. Qc2 exd5 19. Rfe1 Qd6 20. Rad1 c6 21. bxc6 Qxc6 22. Qb3 Qc8 23. Bxd5 Ra7 24. Rc1 Qf5 25. Be4 Qf6 26. Red1 Re8 27. Qa4 Rae7 28. Rd4 Nd7 29. Rc6 Qe5 30. Rdc4 Nf6 31. Rc8 Nxe4 32. Rxe4 Qxe4 0-1

[Event "Late-Titled-Tuesday-Blitz-April-16-2024"]
[Site "Chess.com"]
[Date "2024.04.16"]
[Round "1"]
[White "simaopdias"]
[Black "Mikhail_Golubev"]
[Result "0-1"]
[WhiteElo "2264"]
[BlackElo "2592"]
[TimeControl "180+1"]
[EndTime "14:07:15 PDT"]
[Termination "Mikhail_Golubev won by checkmate"]

1. e4 c5 2. Nf3 d6 3. d4 Nf6 4. Nc3 cxd4 5. Nxd4 g6 6. Be2 Bg7 7. O-O O-O 8. f4 Nc6 9. Be3 Qb6 10. Qd2 Nxe4 11.
Nxc6 Qxc6 12. Nxe4 Qxe4 13. Bf3 Qc4 14. c3 Qc7 15.
Rfe1 Be6 16. Bd5 Bxd5 17. Qxd5 e6 18. Qd3 d5 19. Rad1 a6 20. Rf1 Rac8 21. Bd4 Qc4 22. Bxg7 Qxd3 23. Rxd3 Kxg7 24. Kf2 Rc4 25. Kf3 b5 26. a3 a5 27. Rfd1 b4 28. axb4 axb4 29. cxb4 Rxb4 30. b3 Rfb8 31. Rb1 Kf6 32. Rc3 R8b7 33. Re3 Ke7 34. g4 Kd6 35. Rd3 f6 36. Rc3 d4 37. Rd3 Kd5 38. Ke2 e5 39. fxe5 fxe5 40.
Kd2 e4 41. Rh3 e3+ 42. Kc2 Rc7+ 43. Kb2 Re7 44. g5 d3 45. Rd1 d2 46. Kc3 Rd4 47. Kc2 e2 48. Rxd2 Rxd2+ 49. Kxd2 e1=Q+ 50. Kc2 Qe2+ 51. Kb1 Qd1+ 52. Kb2 Qd2+ 53. Kb1 Re1# 0-1

[Event "Late-Titled-Tuesday-Blitz-April-16-2024"]
[Site "Chess.com"]
[Date "2024.04.16"]
[Round "1"]
[White "KamlaPasand"]
[Black "Mikhail_Bryakin"]
[Result "0-1"]
[WhiteElo "2474"]
[BlackElo "2871"]
[TimeControl "180+1"]
[EndTime "14:07:17 PDT"]
[Termination "Mikhail_Bryakin won by resignation"]

1. e4 e6 2. d4 d5 3. exd5 exd5 4. Nf3 Bd6 5. c4 dxc4 6. Bxc4 Nf6 7. Nc3 O-O 8. O-O Bg4 9. h3 Bh5 10. Bg5 Nbd7 11.
g4 Bg6 12. Re1 c6 13. Ne5 Qc7 14. f4 Rae8 15. Qf3 Kh8 16. Kh1 h6 17. Bh4 Bxe5 18. dxe5 Ng8 19. Bg3 Bh7 20. Re2 Nc5 21. Rae1 Ne6 22.
Qf2 Qb6 23. f5 Qxf2 24. Bxf2 Nf4 25. Re3 b6 26. Rf3 g5 27. h4 f6 28. e6 Ne7 29.
h5 Nxf5 30. gxf5 Bxf5 31. Bg3 Bxe6 32. Bxe6 Rxe6 33. Rxe6 Nxe6 34. Bd6 Rf7 35. Be5 Kg7 36. Bd6 f5 37. Be5+ Kg8 38. Rd3 f4 39. Rd6 f3 40. Kg1 Re7 41. Ne4 Kf7 42. Rd3 g4 43. Nd6+ Kg8 44. Bf6 Rd7 45. Kf2 Nc5 46. Rd4 Rxd6 47. Rxd6 Ne4+ 48. Ke3 Nxd6 49. Be5 Nf5+ 50.
Kf4 f2 51. Kxf5 f1=Q+ 52. Kxg4 Kf7 53. Bc3 Qg2+ 0-1

[Event "Late-Titled-Tuesday-Blitz-April-16-2024"]
[Site "Chess.com"]
[Date "2024.04.16"]
[Round "1"]
[White "Alphafischer2019"]
[Black "Denisenko_Denis"]
[Result "1-0"]
[WhiteElo "2761"]
[BlackElo "2421"]
[TimeControl "180+1"]
[EndTime "14:07:18 PDT"]
[Termination "Alphafischer2019 won on time"]

1. Nf3 d5 2. g3 c6 3. Bg2 Bf5 4. O-O e6 5. d3 h6 6. Nbd2 Nf6 7. b3 Be7 8. Bb2 O-O 9. Qe1 Nbd7 10. e4 dxe4 11.
dxe4 Bh7 12. Qe2 a5 13. a4 Qc7 14. Rad1 Rfd8 15. e5 Nd5 16. Ne4 Nc5 17. Nd6 Nb4 18. Rd2 Rd7 19. Rfd1 Rad8 20. h4 b6 21. Ne1 Nb7 22. Ne4 Nc5 23. Rxd7 Rxd7 24. Nd6 Nb7 25.
Nc4 Rxd1 26. Qxd1 Nd5 27. Nf3 b5 28. Ncd2 Nc5 29. axb5 cxb5 30. Nd4 Qxe5 31. N2f3 Qb8 32. Nc6 Qb7 33. Nxa5 Qa6 34. Qd2 Bg6 35. Ne5 Bf5 36. Nac6 Bf6 37. Nb4 Nxb4 38. Qxb4 Qd6 39. Nd3 Nxd3 40.
Qxd6 1-0

[Event "Late-Titled-Tuesday-Blitz-April-16-2024"]
[Site "Chess.com"]
[Date "2024.04.16"]
[Round "1"]
[White "FabianoCaruana"]
[Black "JackRodgers"]
[Result "1-0"]
[WhiteElo "3090"]
[BlackElo "2531"]
[TimeControl "180+1"]
[EndTime "14:07:19 PDT"]
[Termination "FabianoCaruana won by checkmate"]

1. b4 Nf6 2. Bb2 e6 3. a3 d5 4. e3 g6 5. Nf3 Bg7 6. c4 c6 7.
Be2 a5 8. b5 O-O 9. Kf1 dxc4 10. Bxc4 cxb5 11. Bxb5 Bd7 12. Qe2 Bxb5 13. Qxb5 Qd7 14.
a4 Qxb5+ 15. axb5 Nd5 16. Bxg7 Kxg7 17. Ke2 Nd7 18. Rc1 b6 19. Nc3 Nxc3+ 20. Rxc3 Rfc8 21. Rac1 Rxc3 22. Rxc3 Kf6 23. d4 Ke7 24. Nd2 Kd8 25.
Ne4 Ke7 26. Kd3 f5 27. Nd2 Kd8 28. Nc4 Rc8 29. h4 h6 30. Ra3 Ke7 31. Ra1 Rg8 32. f3 Rc8 33. Rg1 h5 34. Re1 Rf8 35. Re2 Ra8 36. e4 Rd8 37. e5 Nc5+ 38. Kc3 Nd7 39.
Nd6 Ra8 40. Kb3 Rg8 41. f4 Ra8 42. Rc2 Rb8 43. Rc7 Ra8 44. Rb7 Rb8 45. Ra7 Kd8 46.
Ka3 Ke7 47. Kb2 Kd8 48. d5 exd5 49. e6 Nf6 50. e7# 1-0

[Event "Late-Titled-Tuesday-Blitz-April-16-2024"]
[Site "Chess.com"]
[Date "2024.04.16"]
[Round "1"]
[White "Hrant_ChessMood"]
[Black "WindWhistler11"]
[Result "1-0"]
[WhiteElo "2974"]
[BlackElo "2505"]
[TimeControl "180+1"]
[EndTime "14:07:19 PDT"]
[Termination "Hrant_ChessMood won on time"]

1. Nf3 Nf6 2. c4 d6 3. d4 Bg4 4.
g3 c6 5. Bg2 e6 6. Nc3 Nbd7 7. O-O Be7 8. Qb3 Rb8 9. e4 Qc7 10.
Be3 O-O 11. Rac1 Bh5 12. h3 Bg6 13. Nh4 Nh5 14. Nxg6 hxg6 15. a3 a6 16. Qa2 e5 17.
b4 Qd8 18. Qd2 b5 19. d5 c5 20. cxb5 cxb4 21. axb4 axb5 22. Qd3 f5 23. Nxb5 f4 24. Ba7 Rxb5 25. Qxb5 fxg3 26. fxg3 Nxg3 27. Rxf8+ Nxf8 28. Bf2 Nh5 29. Bf3 Bh4 30. Rf1 Qg5+ 31. Bg4 Nf6 32.
Qe2 Nh5 33. Bxh4 Qxh4 34. Qf2 Qxf2+ 35. Rxf2 Nf4 36. b5 Nd3 37. b6 Nc5 38. Rc2 1-0

[Event "Late-Titled-Tuesday-Blitz-April-16-2024"]
[Site "Chess.com"]
[Date "2024.04.16"]
[Round "1"]
[White "Harry_Rakkel"]
[Black "Zapateado"]
[Result "1-0"]
[WhiteElo "2714"]
[BlackElo "2397"]
[TimeControl "180+1"]
[EndTime "14:07:21 PDT"]
[Termination "Harry_Rakkel won on time"]

1. e4 c5 2. Nf3 g6 3. d4 cxd4 4. Nxd4 Nc6 5. c4 Nf6 6. Nc3 d6 7. Be2 Nxd4 8. Qxd4 Bg7 9. O-O O-O 10. Qd3 Be6 11.
Bd2 Nd7 12. b3 a6 13. Kh1 Rc8 14. f4 Nc5 15. Qe3 Bd7 16. Rad1 Bc6 17. f5 Rb8 18. Nd5 Bxd5 19. exd5 b5 20. Be1 bxc4 21. Bxc4 a5 22. a4 Qd7 23. Bxa5 Nxa4 24. bxa4 Qxa4 25. Qxe7 Qxa5 26. Qxd6 Rbd8 27. Qa6 Qc5 28. fxg6 hxg6 29. d6 Be5 30. d7 Kg7 31. h3 Bc7 32. Qf6+ Kh7 33.
Bxf7 Qh5 34. Rd4 Rxf7 35. Qxf7+ Kh6 36. Qf6 1-0

[Event "Late-Titled-Tuesday-Blitz-April-16-2024"]
[Site "Chess.com"]
[Date "2024.04.16"]
[Round "1"]
[White "TangerineandLemon25"]
[Black "Respectful_Dave"]
[Result "1-0"]
[WhiteElo "2593"]
[BlackElo "2251"]
[TimeControl "180+1"]
[EndTime "14:07:21 PDT"]
[Termination "TangerineandLemon25 won on time"]

1. e4 d5 2. exd5 Nf6 3. d4 Nxd5 4. Nf3 g6 5. Be2 Bg7 6. O-O O-O 7. c4 Nb6 8. Be3 Bg4 9. Nbd2 N8d7 10. Rc1 c6 11. h3 Bxf3 12. Nxf3 e5 13. Qb3 exd4 14. Bxd4 Re8 15.
Rfe1 Bxd4 16. Nxd4 Nc5 17. Qd1 Qf6 18. b4 Ne4 19.
Bf3 Ng5 20. Rxe8+ Rxe8 21. c5 Nxf3+ 22. Nxf3 Nd5 23. b5 Nf4 24. Kh1 cxb5 25. Qd2 a6 26.
Qd7 Qc6 27. Qg4 h5 28. Qxf4 Re4 29. Qb8+ Kg7 30. Qd6 Ra4 31. Qxc6 bxc6 32. Ne5 Rxa2 33. Nxc6 Rd2 34. Na5 Rd8 35. c6 Rc8 36. Nb7 Rc7 37. Nd6 Kf8 38. Nb7 1-0